 Dungeon Sprint DCSS version 0.21-a0-264-g3e31e41 (webtiles) character file.

128 Kidiri the Sneak (level 4, -7/20 HPs)
             Began as a Spriggan Enchanter on Sept 8, 2017.
             Mangled by a neqoxec (8 damage)
             ... in the Dungeon (Sprint II: "The Violet Keep of Menkaure").
             The game lasted 00:00:15 (21 turns).

Kidiri the Sneak (Spriggan Enchanter)                 Turns: 21, Time: 00:00:16

Health: -7/20      AC:  3    Str:  4    XL:     4   Next: 86%
Magic:  6/12       EV: 22    Int: 16    God:
Gold:   0          SH:  0    Dex: 17    Spells: 13/14 levels left

rFire    . . .     SeeInvis +   a - +1 dagger
rCold    . . .     Gourm    .   (shield restricted)
rNeg     . . .     Faith    .   b - +0 robe
rPois    .         Spirit   .   (helmet restricted)
rElec    .         Reflect  .   (no cloak)
rCorr    .         Harm     .   (gloves unavailable)
MR       .....     NoTele   +   (boots unavailable)
Stlth    ++++......             (no amulet)
HPRegen  0.06/turn              (no ring)
MPRegen  0.13/turn              (no ring)

@: berserk cooldown, slowed, quick
A: unfitting armour, slimy green scales 1, see invisible, deformed body,
herbivore 3, speed 3, frail 1, slow metabolism 2
a: no special abilities


You were in the Dungeon.
You were not hungry.

You visited 1 branch

Inventory:

Hand Weapons
 a - a +1 dagger (weapon)
Armour
 b - a +0 robe (worn)
Scrolls
 j - a scroll of blinking
Potions
 e - a potion of curing
 f - a potion of heal wounds
 g - a potion of haste
 h - 2 potions of magic
Books
 c - a book of Maledictions

   Spells                             Type                      Level
   a - Corona                         Hexes                        1
   b - Ensorcelled Hibernation        Hexes/Ice                    2
   c - Confuse                        Hexes                        3
   d - Tukima's Dance                 Hexes                        3
   e - Dazzling Spray                 Conjuration/Hexes            3
Comestibles
 d - a bread ration


   Skills:
 + Level 2.0 Fighting
 * Level 4.5 Short Blades
 + Level 1.8 Armour
 * Level 6.5 Dodging
 * Level 7.8 Stealth
 * Level 5.6 Spellcasting
 + Level 5.0 Hexes


You had 13 spell levels left.
You knew the following spells:

 Your Spells              Type           Power        Failure   Level  Hunger
a - Corona                Hex            ###....      1%          1    None


Dungeon Overview and Level Annotations

Branches:
Dungeon (1/1)

Altars:


Innate Abilities, Weirdness & Mutations

You are very small and have problems with some larger weapons.
You are too small for most types of armour.
You have supernaturally acute eyesight. (SInv)
You are a herbivore.
You cover ground extremely quickly.
You need consume almost no food.
You are partially covered in slimy green scales. (AC +2)
Armour fits poorly on your strangely shaped body.
You are frail. (-10% HP)


Message History

Your base attributes are Str 4, Int 16, Dex 16.
Increase (S)trength, (I)ntelligence, or (D)exterity?
You feel agile.
You have reached level 4!
The crimson imp barely misses you. The neqoxec gestures at you.
Something tries to feed on your intellect!
You are no longer berserk.
You are exhausted.
You feel yourself slow down. The neqoxec completely misses you.
The neqoxec gestures at you.
Strange energies course through your body.
You feel frail.
There is an open door here.
You hit the neqoxec but do no damage. The neqoxec hits you!
Ouch! That really hurt!
* * * LOW HITPOINT WARNING * * *
The neqoxec misses you. The neqoxec closely misses you.
The crimson imp barely misses you. The neqoxec hits you!
You die...

#+#
##.##
+.<.+
##5##
#@#
#333#
#55##5#
### ##


You could see 3 neqoxecs, an iron imp, a crimson imp, a white imp and a shadow
imp.

Vanquished Creatures
  A neqoxec (D)
1 creature vanquished.

Vanquished Creatures (others)
  Menkaure (D)
1 creature vanquished.

Grand Total: 2 creatures vanquished

Notes
Turn   | Place    | Note
-------+----------+-------------------------------------------
     0 | D        | Kidiri the Spriggan Enchanter began the quest for the Orb.
     0 | D        | Reached XP level 1. HP: 9/9 MP: 5/5
     1 | D        | Noticed a neqoxec
     1 | D        | Noticed a neqoxec
     1 | D        | Noticed a neqoxec
     1 | D        | Noticed a neqoxec
     1 | D        | Gained mutation: You are partially covered in slimy green scales. (AC +2) [a neqoxec]
     5 | D        | Noticed a crimson imp
     6 | D        | Gained mutation: Armour fits poorly on your strangely shaped body. [a neqoxec]
    13 | D        | Noticed an iron imp
    13 | D        | Killed Menkaure
    19 | D        | Killed a neqoxec
    19 | D        | Reached skill level 1 in Armour
    19 | D        | Reached skill level 7 in Stealth
    19 | D        | Reached skill level 5 in Spellcasting
    19 | D        | Reached skill level 5 in Hexes
    19 | D        | Reached XP level 2. HP: 10/15 MP: 5/9
    19 | D        | Reached XP level 3. HP: 13/18 MP: 6/11
    19 | D        | Reached XP level 4. HP: 16/23 MP: 6/12
    20 | D        | Gained mutation: You are frail. (-10% HP) [a neqoxec]
    21 | D        | HP: 1/20 [neqoxec (11)]
    21 | D        | Mangled by a neqoxec

Vault maps used:
D:        the_violet_keep_of_menkaure

Skill      XL: |  1 |
---------------+----+-----
Fighting       | 2 |  2.0
Short Blades   | 4 |  4.5
Armour         | 1 |  1.8
Dodging        | 6 |  6.5
Stealth        | 7 |  7.8
Spellcasting   | 5 |  5.6
Hexes          | 5 |  5.0

Action                   |  1- 3 |  4- 6 || total
-------------------------+-------+-------++-------
Melee: Dagger            |    17 |     1 ||    18
  Use: Potion            |     1 |       ||     1
Dodge: Dodged            |     9 |     5 ||    14

Table legend:
 A = Spawn XP
 B = Non-spawn XP
 C = Spawn XP percentage of total XP
 D = Spawn monster count
 E = Non-spawn monster count
 F = Spawn count percentage of total count
 G = Total turns spent on level
                    A         B        C        D         E        F      G
               +---------+---------+-------+---------+---------+-------+---------
         Total |       0 |     183 |   0.0 |       0 |       1 |   0.0 |    21
               +---------+---------+-------+---------+---------+-------+---------
             D |       0 |     183 |   0.0 |       0 |       1 |   0.0 |    21
               +---------+---------+-------+---------+---------+-------+---------
